 Dungeon Crawl Stone Soup version 0.26.1-11-gd32895ea62 (webtiles) character file.

Game seed: 7611615855203280255

52 adizb the Shooter (level 3, -2/29 HPs)
             Began as a Demigod Hunter on June 26, 2021.
             Slain by Crazy Yiuf
             ... wielding a +4 quarterstaff of chaos
              (6 damage)
             ... on level 2 of the Dungeon.
             The game lasted 00:13:11 (1144 turns).

adizb the Shooter (Demigod Hunter)                  Turns: 1144, Time: 00:13:12

Health: -2/29      AC:  3    Str: 15    XL:     3   Next: 39%
Magic:  5/5        EV: 12    Int: 15    God:
Gold:   93         SH:  0    Dex: 18    Spells: 2/2 levels left

rFire    . . .     SeeInvis .   b - +0 short sword
rCold    . . .     Faith    .   (no shield)
rNeg     . . .     Spirit   .   c - +0 leather armour
rPois    .         Reflect  .   (no helmet)
rElec    .         Harm     .   (no cloak)
rCorr    .         Rampage  .   (no gloves)
Will     .....                  (no boots)
Stlth    ++........             (no amulet)
HPRegen  0.09/turn              (no ring)
MPRegen  0.09/turn              (no ring)

@: mighty, about to teleport
A: high mp 1
a: no special abilities


You were on level 2 of the Dungeon.
You visited 1 branch of the dungeon, and saw 2 of its levels.

You collected 93 gold pieces.

Inventory:

Hand Weapons
 a - a +1 shortbow
 b - a +0 short sword (weapon)
Missiles
 d - 11 arrows
Armour
 c - a +0 leather armour (worn)
Scrolls
 e - a scroll of blinking {unknown}
 h - a scroll of remove curse {unknown}
 i - a scroll of immolation {unknown}
 j - 2 scrolls of fear {unknown}
 l - a scroll of magic mapping {unknown}
 o - 4 scrolls of identify {unknown}
Potions
 f - a potion of degeneration {unknown}


   Skills:
 + Level 2.3 Fighting
 + Level 4.0 Bows
 + Level 2.3 Dodging
 + Level 1.8 Stealth


You had 2 spell levels left.
You didn't know any spells.
Your spell library was empty.

Dungeon Overview and Level Annotations

Branches:
Dungeon (2/15)

Annotations:
D:2 Crazy Yiuf


Innate Abilities, Weirdness & Mutations

You have an increased reservoir of magic. (+10% MP)


Message History

You closely miss Crazy Yiuf.
Crazy Yiuf is moderately wounded.
Crazy Yiuf hits you with a +4 quarterstaff of chaos.
Crazy Yiuf freezes you.
You hit Crazy Yiuf.
Crazy Yiuf is heavily wounded.
Crazy Yiuf drinks a potion.
Crazy Yiuf is healed!
You closely miss Crazy Yiuf.
Crazy Yiuf is moderately wounded.
Crazy Yiuf hits you with a +4 quarterstaff of chaos!
* * * LOW HITPOINT WARNING * * *
Crazy Yiuf burns you.
* * * LOW HITPOINT WARNING * * *
Okay, then.
As you read the scroll of teleportation, it crumbles to dust.
You feel strangely unstable. Crazy Yiuf closely misses you.
It was a potion of might.
You feel very mighty all of a sudden.
Crazy Yiuf hits you with a +4 quarterstaff of chaos.
You die...

...##.........
..............
..............
..............
.........# .....<...#
.........##♣♣♣♣♣
..........#..♣.♣♣♣ ###
..............♣.@♣#...#
.............♣♣♣♣g'...#
#.###.....#.♣♣ ♣♣#..)#
.........##♣♣ ###
.........# .........#
....#....# ....##...#
<...######


You could see Crazy Yiuf.

Vanquished Creatures
  2 adders (D:2)
  A worm (D:2)
  2 bats (D:2)
  A giant cockroach (D:1)
  4 goblins
  3 hobgoblins
  5 jackals
  A quokka (D:2)
  5 kobolds
  8 rats
32 creatures vanquished.

Notes
Turn   | Place    | Note
-------+----------+-------------------------------------------
     0 | D:1      | adizb the Demigod Hunter began the quest for the Orb.
     0 | D:1      | Reached XP level 1. HP: 17/17 MP: 3/3
   132 | D:1      | Reached skill level 1 in Stealth
   619 | D:1      | Reached XP level 2. HP: 21/24 MP: 4/4
   737 | D:1      | HP: 1/24 [jackal (1)]
   882 | D:2      | Found a white marble altar of Elyvilon.
   896 | D:2      | Reached XP level 3. HP: 22/29 MP: 5/5
   980 | D:2      | Found a shimmering altar of Xom.
  1029 | D:2      | Reached skill level 4 in Bows
  1130 | D:2      | Found a runed translucent door.
  1131 | D:2      | Noticed Crazy Yiuf
  1144 | D:2      | Slain by Crazy Yiuf

Illustrated notes

Levels and vault maps discovered:
D:1:      dpeg_arrival_pits, layout_loops_cross, minmay_tripent
D:2:      layout_rooms, general_overflow_altar, lemuel_coloured_pillars_altar,
          elyvilon_altar_1, uniq_crazy_yiuf_cottage, uniq_jessica

Skill      XL: |  1  2  3 |
---------------+----------+-----
Stealth        | 1 |  1.8
Fighting       | 2 |  2.3
Dodging        | 2 |  2.3
Bows           | 4 |  4.0

Action                   || total
-------------------------++-------
Melee: Spear             ||     9
       Short sword       ||    46
 Fire: Shortbow          ||    58
Throw: Throwing net      ||     2
  Use: Potion            ||     3
       Scroll            ||     2
Armor: Leather armour    ||    34
Dodge: Dodged            ||    60
